 Dungeon Crawl Stone Soup version 0.31-a0-702-gf82c85558f (webtiles) character file.

Game seed: 8000522182278434740

423 javelincjr the Sneak (level 6, -3/36 HPs)
             Began as an Octopode Conjurer on Sept 8, 2023.
             Slain by a black bear (13 damage)
             ... on level 4 of the Dungeon.
             The game lasted 00:11:09 (3209 turns).

javelincjr the Sneak (Octopode Conjurer)            Turns: 3209, Time: 00:11:10

Health: -3/36      AC:  1    Str:  8    XL:     6   Next: 95%
Magic:  4/11       EV: 13    Int: 22    God:
Gold:   103        SH:  0    Dex: 11    Spells: 8/11 levels left

rFire   + . .        x - +10 dagger of Gallantry {flame, rElec rF+ rC- Str+2}
rCold   x . .        (no shield)
rNeg    . . .        (helmet restricted)
rPois   .            (no amulet)
rElec   +            w - ring of flight
rCorr   .            (no ring)
SInv    .            (no ring)
Will    .....        (no ring)
Stlth   ++++         (no ring)
HPRegen 0.26/turn    (no ring)
MPRegen 0.12/turn    (no ring)
                     (no ring)

%: no passive effects
@: weakened, flying
A: almost no armour, amphibious, 8 rings, camouflage 1, gelatinous body 1,
(nimble swimmer 1), tentacles
a: no special abilities


You were on level 4 of the Dungeon.
You visited 1 branch of the dungeon, and saw 4 of its levels.

You collected 103 gold pieces.

Inventory:

Hand Weapons
 d - a +4 vampiric spear
 x - the +10 dagger of Gallantry (weapon) {flame, rElec rF+ rC- Str+2}
   (You found it on level 4 of the Dungeon)

   Str+2:     It affects your strength (+2).
   rF+:       It protects you from fire.
   rC-:       It makes you vulnerable to cold.
   rElec:     It insulates you from electricity.
Missiles
 m - a throwing net
Armour
 z - a +0 kite shield
Jewellery
 w - a ring of flight (left tentacle)
Wands
 s - a wand of polymorph (18)
Scrolls
 b - a scroll of silence {unknown}
 c - 3 scrolls of revelation {unknown}
 e - a scroll of summoning {unknown}
 f - a scroll of brand weapon {unknown}
 i - 2 scrolls of teleportation {unknown}
 j - 2 scrolls of enchant armour {unknown}
 k - a scroll of amnesia {unknown}
 l - 3 scrolls of identify {unknown}
 n - 4 scrolls of poison {unknown}
 p - a scroll of blinking {unknown}
 r - 2 scrolls of fear {unknown}
 y - a scroll of immolation {unknown}
Potions
 a - 3 potions of magic
 g - a potion of degeneration {unknown}
 h - a potion of lignification {unknown}
 o - a potion of haste {unknown}
 q - 2 potions of attraction {unknown}
 t - a potion of curing {unknown}
 u - a potion of mutation {unknown}
 v - a potion of brilliance {unknown}


   Skills:
 + Level 0.2 Short Blades
 - Level 2.5 Polearms
 + Level 3.6 Dodging
 + Level 5.2 Stealth
 + Level 3.3 Spellcasting
 + Level 5.0 Conjurations


You had 8 spell levels left.
You knew the following spells:

 Your Spells              Type           Power      Damage    Failure   Level
a - Magic Dart            Conj           100%       1d8       1%          1
b - Searing Ray           Conj           52%        2d6       2%          2

Your spell library contained the following spells:

 Spells                   Type           Power      Damage    Failure   Level
 Dazzling Flash           Conj/Hex       28%        N/A       13%         3
 Fulminant Prism          Conj/Hex       7%         3d7       38%         4
 Iskenderun's Mystic Bla  Conj/Tloc      14%        2d5       38%         4


Dungeon Overview and Level Annotations

Branches:
Dungeon (4/15)
 Temple: D:4-7

Altars:


Innate Abilities, Weirdness & Mutations

You cannot wear most types of armour.
You are amphibious.
You can wear up to eight rings at the same time.
Your skin changes colour to match your surroundings (Stealth+).
Your rubbery body absorbs attacks. (AC +1, EV +1)
((You are camouflaged when in or above water. (Stealth+)))
You have tentacles for arms and can constrict up to eight enemies at once.


Message History

(Press . to maintain the ray.)
The gnoll bouda barely misses you.
The searing ray hits the gnoll bouda.
The gnoll bouda is severely wounded.
The searing ray hits the black bear.
The black bear is heavily wounded.
The searing ray hits the hobgoblin.
The hobgoblin is lightly wounded.
The gnoll bouda hits you with a +0 club.
The searing ray hits the gnoll bouda.
The gnoll bouda is almost dead.
The searing ray hits the black bear.
The black bear is severely wounded.
The searing ray misses the orc.
The searing ray hits the hobgoblin!
You kill the hobgoblin!
The black bear goes berserk!
The gnoll bouda gazes fiercely through you!
You feel your attacks grow feeble.
The gnoll bouda hits you with a +0 club.
The searing ray hits the gnoll bouda.
You kill the gnoll bouda!
The searing ray hits the black bear.
The black bear is almost dead.
The searing ray misses the orc.
You finish channelling your searing ray.
The black bear bites you. The black bear claws you.
* * * LOW HITPOINT WARNING * * *
The black bear misses you.
Casting: Searing Ray (safe; 2% risk of failure)
Confirm with . or Enter, or press ? or * to list all spells.
Aiming: Searing Ray (safe; 2% risk of failure)
Press: ? - help, Shift-Dir - straight line, f/p - black bear
Aim: a black bear (almost dead, berserk, 85% to hit)
The searing ray hits the black bear.
The black bear is almost dead.
The searing ray hits the orc!
You kill the orc! (Press . to maintain the ray.)
The black bear bites you!
You die...

#.##..#......##.......## #
#.###........##.....#.# #
#.#........#####.####†# #
#.#.#####........####.######
#.#.# ##..................
#.#.# #....>..####.######
#.#.#######.####.####'##
#...........##.......#####
#########@#........†.##...
#h#####.......'...
#)#############...
##'##....# #... #........#
#... #....h...## ####
#..(#.....# . #...#o....# ..
######..#..#. ###


You could see a black bear (berserk).

Vanquished Creatures
  Grinder (D:3)
  An ogre (D:4)
  A gnoll bouda (D:4)
  A hound (D:4)
  An orc wizard (D:3)
  An adder (D:2)
  A worm (D:2)
  8 orcs
  2 ball pythons
  3 endoplasms
  6 giant cockroaches
  2 hobgoblins
  7 quokkas
  3 bats (D:3)
  2 frilled lizards (D:3)
  4 goblins
  6 kobolds
  5 rats
55 creatures vanquished.

Notes
Turn   | Place    | Note
-------+----------+-------------------------------------------
     0 | D:1      | javelincjr the Octopode Conjurer began the quest for the
                  | Orb.
     0 | D:1      | Reached XP level 1. HP: 11/11 MP: 3/3
   259 | D:1      | Reached XP level 2. HP: 17/17 MP: 3/5
   285 | D:1      | Learned a level 2 spell: Searing Ray
   808 | D:1      | Found a faded altar of an unknown god.
  1087 | D:2      | Reached XP level 3. HP: 21/21 MP: 6/6
  1665 | D:3      | Reached skill level 1 in Polearms
  1665 | D:3      | Reached XP level 4. HP: 9/27 MP: 1/7
  1852 | D:3      | Noticed Grinder
  1865 | D:3      | Killed Grinder
  1866 | D:3      | Reached XP level 5. HP: 15/31 MP: 1/9
  1866 | D:3      | Reached XP level 6. HP: 17/36 MP: 1/10
  2916 | D:4      | Reached skill level 5 in Stealth
  2916 | D:4      | Reached skill level 5 in Conjurations
  3037 | D:4      | Identified the +10 dagger of Gallantry {flame, rElec rF+
                  | rC- Str+2}
  3190 | D:4      | Noticed a black bear
  3209 | D:4      | Slain by a black bear

Illustrated notes

Levels and vault maps discovered:
D:1:      elethiomel_arrival_infinity_welcomes_careful_drivers, layout_rooms,
          ebering_ecumenical_altar_hall
D:2:      layout_loops_ring
D:3:      layout_loops_corners, skrybe_limestone_x, uniq_grinder
D:4:      old_forge, layout_basic, minmay_cupped

Skill      XL: |  1  2  3  4  5  6 |
---------------+-------------------+-----
Stealth        | 3 4 5 |  5.2
Polearms       | 1 2 |  2.5
Dodging        | 3 |  3.6
Spellcasting   | 3 |  3.3
Conjurations   | 5 |  5.0
Short Blades   | |  0.2

Action                     |  1- 3 |  4- 6 || total
---------------------------+-------+-------++-------
  Melee: Spear             |    33 |     3 ||    36
         Constrict         |     4 |     4 ||     8
         Tentacles         |     3 |     3 ||     6
         Dagger            |       |    10 ||    10
   Cast: Magic Dart        |    29 |    30 ||    59
         Searing Ray       |     1 |     7 ||     8
   Stab: Sleeping          |     3 |     3 ||     6
 Armour: Skin              |    12 |    15 ||    27
  Dodge: Dodged            |     7 |    10 ||    17

Table legend: (Time is in decaauts)
 A = Elapsed time spent in this place.
 B = Non-inter-level travel time spent in this place.
 C = Inter-level travel time spent in this place.
 D = Time resting spent in this place.
 E = Time spent auto-exploring this place.
 F = Levels seen in this place.
 G = Mean time per level.
                   A        B        C        D        E       F      G
               +--------+--------+--------+--------+--------+-----+--------+
         Total |   3209 |   3152 |     57 |     65 |   2744 |   4 |  802.2 |
       Dungeon |   3209 |   3152 |     57 |     65 |   2744 |   4 |  802.2 |
               +--------+--------+--------+--------+--------+-----+--------+

Top non-repeatable levels by time:
     D:3: 1252 daAuts
     D:1: 851 daAuts
     D:2: 793 daAuts
     D:4: 311 daAuts
